 Dungeon Crawl Stone Soup version 0.30-a0-297-g0ec75d9ef4 (webtiles) character file.

Game seed: 672903780127890138

237247 MrRokkomies the Tortoise (level 18, -10/166 HPs)
             Began as an Armataur Delver on Oct 17, 2022.
             Was the Champion of Okawaru.
             Succumbed to a naga ritualist's toxic radiance
             ... on level 4 of the Snake Pit on Oct 18, 2022.
             The game lasted 01:50:52 (30915 turns).

MrRokkomies the Tortoise (Armataur Delver)         Turns: 30915, Time: 01:50:53

Health: -10/166    AC: 46    Str: 28    XL:     18   Next: 52%
Magic:  4/18       EV:  9    Int: 11    God:    Okawaru [******]
Gold:   487        SH:  0    Dex: 14    Spells: 17/17 levels left

rFire   . . .      SeeInvis .    a - +9 great mace (drain)
rCold   + . .      Faith    +    (shield currently unavailable)
rNeg    + . .      Spirit   .    w - +6 storm dragon scales of Parlour Games {rElec Str+5}
rPois   .          Reflect  .    x - +2 hood of the Assassin {Detection Stab+ Stlth++}
rElec   +          Harm     .    Y - +0 cloak "Umalofey" {*Slow +Blink Regen+ MP-9}
rCorr   .          Roll     +    C - +2 pair of gloves
Will    +....                    k - +10 Black Knight's barding {ponderous, rPois rN+}
Stlth   ++........               P - amulet of faith
HPRegen 1.27/turn                Q - ring of protection from cold
MPRegen 0.16/turn                N - ring of poison resistance

@: lethally poisoned (-10 -> -48), poison vulnerable, slowed, very slow
A: large, rugged brown scales 3, deformed body, armoured tail, roll, long
tongue, awkward tongue, evolution 1
}: 2/15 runes: serpentine, abyssal
a: Renounce Religion, Evoke Blink, Heroism, Finesse, Duel


You were on level 4 of the Snake Pit.
You worshipped Okawaru.
Okawaru was exalted by your worship.
You visited 4 branches of the dungeon, and saw 26 of its levels.
You visited the Abyss 3 times.
You also visited: Bailey and Ice Cave.

You collected 3065 gold pieces.
You spent 2578 gold pieces at shops.

Inventory:

Hand Weapons
 a - a +9 great mace of draining (weapon)
Missiles
 y - 6 javelins
 D - 2 atropa-tipped darts
 G - 2 throwing nets
 L - 23 boomerangs (quivered)
 T - 10 curare-tipped darts
Armour
 k - the +10 Black Knight's barding (worn) {ponderous, rPois rN+}
   (Okawaru gifted it to you on level 3 of the Abyss)

   rPois:     It protects you from poison.
   rN:        It protects you from negative energy.
 w - the +6 storm dragon scales of Parlour Games (worn) {rElec Str+5}
   (You found it on level 13 of the Dungeon)

   Str:       It affects your strength (+5).
   rElec:     It insulates you from electricity.
 x - the +2 hood of the Assassin (worn) {Detection Stab+ Stlth++}
   (You bought it in a shop on level 2 of the Orcish Mines)

   It allows the wearer to sense nearby creatures.
   It allows the wearer to make particularly effective stabbing attacks against
   helpless or unaware enemies with any weapon.
   Stlth:     It makes you much more stealthy.
 C - a +2 pair of gloves (worn)
 U - a +4 barding of flying
 W - the +6 scale mail of Ennoklacyn {Str+2 Slay+4 SInv Stlth-}
   (Okawaru gifted it to you on level 11 of the Dungeon)

   Str:       It affects your strength (+2).
   Slay:      It affects your accuracy & damage with ranged weapons and melee
   (+4).
   SInv:      It lets you see invisible.
   Stlth:     It makes you less stealthy.
 Y - the +0 cloak "Umalofey" (worn) {*Slow +Blink Regen+ MP-9}
   (Okawaru gifted it to you on level 5 of the Lair of Beasts)

   MP:        It affects your magic capacity (-9).
   +Blink:    It lets you blink.
   Regen:     It increases your rate of health regeneration.
   *Slow:     It may slow you when you take damage.
Jewellery
 i - a ring of willpower
 B - a ring of resist corrosion
 N - a ring of poison resistance (right hand)
 P - an amulet of faith (around neck)
 Q - a ring of protection from cold (left hand)
 S - a ring of fire
Wands
 g - a wand of digging (11)
 h - a wand of mindburst (15)
 H - a wand of acid (10)
 J - a wand of roots (11)
 R - a wand of flame (84)
 Z - a wand of polymorph (7)
Scrolls
 b - 2 scrolls of silence
 c - a scroll of fog
 d - 4 scrolls of magic mapping
 e - 6 scrolls of fear
 j - 5 scrolls of immolation
 m - 3 scrolls of amnesia
 o - 8 scrolls of teleportation
 p - 4 scrolls of poison
 q - 14 scrolls of identify
 u - 2 scrolls of blinking
 M - a scroll of brand weapon
 X - 6 scrolls of enchant weapon
Potions
 l - 2 potions of magic
 n - 4 potions of attraction
 r - 8 potions of brilliance
 t - a potion of might
 z - 2 potions of flight
 A - 6 potions of lignification
 E - 5 potions of mutation
 F - 5 potions of invisibility
 I - 2 potions of cancellation
Miscellaneous
 K - a condenser vane (inert)
 V - a lightning rod (4/4)


   Skills:
 * Level 12.9 Fighting
 * Level 17.2 Maces & Flails
 + Level 13.5 Throwing
 - Level 17.5 Armour
 - Level 9.0 Dodging
 - Level 5.4 Stealth
 - Level 12.0 Invocations
 + Level 7.1 Evocations


You had 17 spell levels left.
You didn't know any spells.
Your spell library contained the following spells:

 Spells                   Type           Power      Damage    Failure   Level
 Apportation              Tloc           0%         N/A       73%         1
 Foxfire                  Conj/Fire      0%         2x1d4     73%         1
 Magic Dart               Conj           0%         1d3       73%         1
 Shock                    Conj/Air       0%         1d3       73%         1
 Slow                     Hex            0%         N/A       73%         1
 Sting                    Tmut/Pois      0%         1d3       73%         1
 Blink                    Tloc           0%         N/A       86%         2
 Cigotuvi's Dreadful Rot  Necr/Pois/Air  0%         N/A       86%         2
 Poisonous Vapours        Pois/Air       0%         N/A       86%         2
 Confusing Touch          Hex            0%         N/A       97%         3
 Dazzling Flash           Conj/Hex       0%         N/A       97%         3
 Hailstorm                Conj/Ice       0%         3d3       97%         3
 Ignite Poison            Fire/Tmut/Pois 0%         N/A       97%         3
 Kindle Blastsparks       Fire/Tloc/Air  0%         2d10      97%         3
 Mephitic Cloud           Conj/Pois/Air  0%         N/A       97%         3
 Ozocubu's Armour         Ice            0%         N/A       97%         3
 Spider Form              Tmut/Pois      0%         N/A       97%         3
 Swiftness                Air            0%         N/A       97%         3
 Vampiric Draining        Necr           0%         2d6       97%         3
 Airstrike                Air            0%         2d(0-16)  100%        4
 Fulminant Prism          Conj/Hex       0%         3d6       100%        4
 Iskenderun's Mystic Bla  Conj/Tloc      0%         2d3       100%        4
 Leda's Liquefaction      Hex/Erth       0%         N/A       100%        4
 Manifold Assault         Tloc           0%         N/A       100%        4
 Olgreb's Toxic Radiance  Pois           0%         N/A       100%        4
 Agony                    Necr           0%         N/A       100%        5
 Alistair's Intoxication  Tmut/Pois      0%         N/A       100%        5
 Fireball                 Conj/Fire      0%         3d3       100%        5
 Freezing Cloud           Conj/Ice/Air   0%         6-21      100%        5
 Lee's Rapid Deconstruct  Erth           0%         3d4*      100%        5
 Metabolic Englaciation   Hex/Ice        0%         N/A       100%        5
 Silence                  Hex/Air        0%         N/A       100%        5
 Yara's Violent Unravell  Hex/Tmut       0%         3d3       100%        5
 Starburst                Conj/Fire      0%         6d3       100%        6
 Statue Form              Tmut/Erth      0%         N/A       100%        6
 Storm Form               Tmut/Air       0%         N/A       100%        7
 Necromutation            Tmut/Necr      0%         N/A       100%        8
 Polar Vortex             Ice            0%         N/A       100%        9
 Call Imp                 Summ           Unusable   N/A       N/A         2
 Summon Ice Beast         Ice/Summ       Unusable   N/A       N/A         4
 Simulacrum               Ice/Necr       Unusable   N/A       N/A         6

Dungeon Overview and Level Annotations

Branches:
Dungeon (15/15)            Temple (0/1) D:6            Lair (5/5) D:11
 Shoals (0/4) Lair:2        Snake (4/4) Lair:3        Slime (0/5) Lair:5
    Orc (2/2) D:11            Elf (0/3) Orc:2        Vaults (0/5) D:14
 Depths (0/4) D:15         Bailey (visited)           IceCv (visited)

Altars:
Cheibriados
Dithmenos
Gozag
Kikubaaqudgha
Makhleb
Nemelex Xobeh
Okawaru
Uskayaw

Shops:
D:2 *   D:3 *   Orc:2 [*(:

Portals:
Trove: D:15 (give +3 gold dragon scales)

Annotations:
Lair:4 2 runed translucent doors, Voker57's ghost, journeyman DsGl


Innate Abilities, Weirdness & Mutations

You are completely covered in rugged brown scales. (AC +3, +7% HP)
Armour fits poorly on your strangely shaped body.
You have a long armoured tail.
You roll when moving toward enemies. (Rampage)
Your long tongue fully drains potion bottles. (2x potion effects)
Your tongue gives you trouble enunciating. (1.5x scroll delay)
You have hidden genetic potential.


Message History

The naga ritualist begins to radiate toxic energy.
You feel as though you will be slow longer.
You are more poisoned.
Unknown command.
As you slowly read the scroll of fear, it crumbles to dust.
You assume a fearsome visage.
The mana viper looks frightened!
The naga ritualist looks frightened! x3
You feel extremely sick.
* * * LOW HITPOINT WARNING * * *
You are more poisoned.
* * * LOW HITPOINT WARNING * * *
You are more poisoned.
* * * LOW HITPOINT WARNING * * *
You are more poisoned.
* * * LOW HITPOINT WARNING * * *
You are more poisoned.
* * * LOW HITPOINT WARNING * * *
You are more poisoned.
* * * LOW HITPOINT WARNING * * *
You are more poisoned.
* * * LOW HITPOINT WARNING * * *
You feel extremely sick.
* * * LOW HITPOINT WARNING * * *
You are more poisoned.
* * * LOW HITPOINT WARNING * * *
You are more poisoned.
* * * LOW HITPOINT WARNING * * *
You are more poisoned.
* * * LOW HITPOINT WARNING * * *
You are more poisoned.
The naga ritualist's toxic aura wanes.
* * * LOW HITPOINT WARNING * * *
You are more poisoned.
The naga ritualist's toxic aura wanes.
Cornered, the mana viper turns to fight!
The naga ritualist calls down the wrath of its god upon you.
You feel yourself grow more vulnerable to poison.
Cornered, the naga ritualist turns to fight!
Unknown command.
You die...

##...### .# #. .#
#. #....# ....
.).. ##.#..# ####
.#: .#N #..#.##
#..# .S ..
##.##.# #..#
#.#§# ...##.#
#..# #.☼N#
.)##..# #..#
###N### #)##.##
###..#####8...8#
#†##)#
##.......@#....S#
#.##.#
#..##.###..[..###
#.##.###.###.#
#######
.....#...# #.#
..##...### #.#
#....### #.#
###...# #.#
##..## #.# #...#
#.#


There were no monsters in sight!

Vanquished Creatures
  Nikola (Snake:4)
  Rupert (Lair:4)
  Jorgrun (D:13)
  A lich (Abyss:1)
  Asterion (Arena)
  5 tentacled starspawn
  An Executioner (Abyss:1)
  Kirke (D:12)
  A storm dragon (D:13)
  A rockslime (IceCv)
  3 azure jellies (IceCv)
  A tengu reaver (D:13)
  Donald (Snake:4)
  8 nagarajas
  Louise (D:14)
  4 orc warlords
  5 quicksilver oozes (IceCv)
  3 very ugly things
  A purple draconian (Abyss:1)
  Snorg (D:14)
  An ettin (D:13)
  A deep elf high priest (D:13)
  A great orb of eyes (Abyss:3)
  A vault guard (D:14)
  Erolcha (D:13)
  4 catoblepae
  An ogre mage (D:13)
  5 anacondas
  2 salamander tyrants (Snake:4)
  6 hydras
  5 boulder beetles
  A two-headed ogre (shapeshifter) (D:15)
  4 centaur warriors (D:13)
  3 two-headed ogres
  11 death yaks
  4 tengu warriors
  8 naga warriors
  Urug (Lair:4)
  2 thrashing horrors
  4 orc high priests
  8 naga sharpshooters
  6 shock serpents
  2 sun demons (D:15)
  3 skeletal warriors (D:14)
  A wretched star (Abyss:3)
  Lodul (D:14)
  A sixfirhy (D:15)
  A swamp dragon (shapeshifter) (Abyss:1)
  A glowing orange brain (Abyss:3)
  5 naga ritualists
  3 deep elf pyromancers
  4 orc knights
  4 wizards (D:14)
  3 orange crystal statues (IceCv)
  4 mana vipers
  A wolf spider (D:15)
  8 orc sorcerers
  7 salamanders
  14 ugly things
  6 cyclopes
  5 manticores
  An ice statue (Lair:4)
  14 naga magi
  3 smoke demons (D:15)
  20 elephants (Lair:5)
  2 rust devils (D:15)
  5 guardian serpents
  38 black mambas
  20 cane toads
  4 gargoyles
  5 torpor snails (Lair:5)
  An orange demon (Abyss:1)
  An unseen horror (D:11)
  A kobold demonologist (D:12)
  A tengu conjurer (D:15)
  4 rime drakes
  2 ancient zymes (Abyss:3)
  3 ice devils
  11 komodo dragons
  A red devil (D:15)
  12 trolls
  2 merfolk
  A queen bee (shapeshifter) (D:13)
  2 polar bears
  9 blink frogs
  2 hornets
  22 slime creatures
  A shadow (Abyss:3)
  14 wyverns
  A flying skull (D:14)
  3 ynoxinuls
  A yak (shapeshifter) (D:13)
  10 basilisks
  A wraith (D:9)
  59 yaks
  21 humans
  3 large abominations
  3 hogs (D:12)
  A chaos spawn (Abyss:3)
  6 golden eyes (Abyss:3)
  16 vampire mosquitoes
  A neqoxec (Abyss:1)
  6 wargs
  A spatial vortex (Abyss:3)
  11 water moccasins
  3 acid dragons
  54 nagas
  49 orc warriors
  2 sky beasts
  6 black bears
  9 ice beasts (Lair:4)
  3 great orb of eyes simulacra (IceCv)
  4 wolves (Lair:1)
  2 centaurs
  18 ogres
  A phantom (D:7)
  4 slime creature simulacra (IceCv)
  2 kobold brigands
  15 bullfrogs
  2 necrophages (D:5)
  5 earth elementals (D:13)
  5 scorpions
  4 glowing shapeshifter simulacra (IceCv)
  9 wights
  3 small abominations
  6 killer bees (D:11)
  13 starcursed masses (Abyss:3)
  A hound (D:5)
  A jelly (D:6)
  24 orc priests
  Jessica (D:2)
  An iguana (D:7)
  25 orc wizards
  8 gnolls
  4 adders
  A white imp (Lair:4)
  5 ufetubi
  2 worms
  3 dart slugs
  119 orcs
  2 bats (D:3)
  7 endoplasms
  A giant cockroach (D:3)
  16 goblins
  6 hobgoblins
  2 jackals (D:2)
  4 quokkas
  2 ball pythons (D:3)
  2 frilled lizards
  26 kobolds
  4 rats
  2 starspawn tentacles (Abyss:3)
1030 creatures vanquished.

Vanquished Creatures (others)
  An orc wizard (D:3)
  4 orcs (Orc:2)
  A bush (Lair:1)
  3 demonic plants (D:15)
  21 fungi
  34 plants
  10 starspawn tentacles
74 creatures vanquished.

Grand Total: 1104 creatures vanquished

Notes
Turn   | Place    | Note
-------+----------+-------------------------------------------
     0 | D:5      | MrRokkomies the Armataur Delver began the quest for the
                  | Orb.
     0 | D:5      | Reached XP level 1. HP: 19/19 MP: 1/1
    10 | D:5      | Noticed an ogre
    61 | D:4      | Found an opulent altar of Gozag.
   110 | D:4      | Reached skill level 1 in Armour
   110 | D:4      | Reached XP level 2. HP: 21/26 MP: 2/2
   141 | D:4      | Got the Codex of Changing
   447 | D:3      | Found Linafu's General Store.
   489 | D:3      | Found an iron altar of Okawaru.
   497 | D:3      | Became a worshipper of Warmaster Okawaru
   623 | D:3      | Reached XP level 3. HP: 22/33 MP: 3/3
   639 | D:3      | Reached XP level 4. HP: 23/40 MP: 4/4
  1137 | D:2      | Found Tamuwkoo's Assorted Antiques.
  1242 | D:2      | Reached XP level 5. HP: 48/49 MP: 5/5
  2376 | D:2      | Noticed Jessica
  2383 | D:2      | Killed Jessica
  3123 | D:4      | Reached skill level 1 in Invocations
  3259 | D:4      | Reached XP level 6. HP: 54/56 MP: 6/6
  3279 | D:4      | Reached * piety under Okawaru
  3736 | D:5      | Reached skill level 5 in Fighting
  3736 | D:5      | Reached XP level 7. HP: 55/65 MP: 8/8
  3794 | D:5      | Reached ** piety under Okawaru
  3973 | D:5      | Found a hide-covered altar of Uskayaw.
  4013 | D:5      | Reached XP level 8. HP: 59/74 MP: 10/10
  4147 | D:5      | Reached *** piety under Okawaru
  4678 | D:6      | Found a staircase to the Ecumenical Temple.
  4689 | D:6      | Found a shadowy altar of Dithmenos.
  5059 | D:6      | Found a burning altar of Makhleb.
  5397 | D:7      | Found a flagged portal.
  5408 | Bailey   | Entered a bailey
  5413 | Bailey   | Noticed an orc warlord
  5428 | Bailey   | Reached XP level 9. HP: 81/83 MP: 10/15
  5428 | Bailey   | Reached XP level 10. HP: 87/89 MP: 10/16
  5739 | Bailey   | Found a runed translucent gate.
  5739 | Bailey   | Found a runed translucent gate.
  5739 | Bailey   | Found a runed translucent gate.
  5948 | Bailey   | Killed an orc warlord
  5948 | Bailey   | Reached **** piety under Okawaru
  6028 | Bailey   | Reached skill level 5 in Dodging
  6028 | Bailey   | Reached skill level 10 in Invocations
  6028 | Bailey   | Reached XP level 11. HP: 103/103 MP: 16/18
  6028 | Bailey   | Reached XP level 12. HP: 111/111 MP: 16/19
  6364 | D:7      | Found a sparkling altar of Nemelex Xobeh.
  7692 | D:8      | Reached XP level 13. HP: 104/117 MP: 20/20
  7934 | D:9      | Reached ***** piety under Okawaru
  8355 | D:9      | Paralysed by a hornet for 2 turns
  8748 | D:10     | Entered Level 10 of the Dungeon
  8790 | D:10     | Reached skill level 10 in Armour
  9456 | D:10     | Identified the +1 leather armour "Rudophul" {rPois rCorr
                  | Int+9 Stlth-}
  9894 | D:11     | Found a staircase to the Orcish Mines.
  9925 | D:11     | Found a staircase to the Lair.
  9988 | D:11     | Reached skill level 10 in Fighting
 10482 | D:11     | Identified the +6 scale mail of Ennoklacyn {Str+2 Slay+4
                  | SInv Stlth-} (Okawaru gifted it to you on level 11 of the
                  | Dungeon)
 10482 | D:11     | Received a gift from Okawaru
 11190 | Lair:1   | Entered Level 1 of the Lair of Beasts
 11425 | Lair:1   | Reached skill level 1 in Throwing
 12739 | Lair:2   | Found a staircase to the Shoals.
 13631 | Lair:3   | Reached XP level 14. HP: 118/132 MP: 22/22
 14038 | Lair:3   | Found a staircase to the Snake Pit.
 14349 | Lair:3   | Received a gift from Okawaru
 14914 | Lair:4   | Noticed Urug
 14939 | Lair:4   | Killed Urug
 15255 | Lair:4   | Noticed Rupert
 15261 | Lair:4   | Paralysed by Rupert for 5 turns
 15276 | Lair:4   | Killed Rupert
 15277 | Lair:4   | Reached skill level 5 in Throwing
 15349 | Lair:4   | Found a large runed translucent door.
 15349 | Lair:4   | Found a large runed translucent door.
 15353 | Lair:4   | Noticed Voker57's ghost (journeyman DsGl)
 15455 | Lair:4   | Reached ****** piety under Okawaru
 16097 | Lair:4   | Upgraded the game from 0.30-a0-283-gf371ce1921 to
                  | 0.30-a0-297-g0ec75d9ef4
 16778 | Lair:5   | Entered Level 5 of the Lair of Beasts
 16840 | Lair:5   | Identified the +0 cloak "Umalofey" {*Slow +Blink Regen+
                  | MP-9} (Okawaru gifted it to you on level 5 of the Lair of
                  | Beasts)
 16840 | Lair:5   | Received a gift from Okawaru
 17306 | Lair:5   | Identified the +0 crystal plate armour of the Carpenter
                  | {Str+5} (Okawaru gifted it to you on level 5 of the Lair of
                  | Beasts)
 17306 | Lair:5   | Received a gift from Okawaru
 17492 | Lair:5   | Reached XP level 15. HP: 134/141 MP: 15/24
 17505 | Lair:5   | Found a snail-covered altar of Cheibriados.
 18014 | Lair:5   | Found a staircase to the Slime Pits.
 18253 | Lair:5   | Identified the +8 long sword "Etuhos" {freeze, rF+++ Will++
                  | Str+2 Stlth-}
 18533 | Orc:1    | Entered Level 1 of the Orcish Mines
 18720 | Orc:1    | Paralysed by an orc sorcerer for 3 turns
 19072 | Orc:2    | Entered Level 2 of the Orcish Mines
 19083 | Abyss:1  | Cast into level 1 of the Abyss (orc)
 19196 | Abyss:1  | Received a gift from Okawaru
 19354 | Abyss:1  | Noticed a tentacled starspawn
 19360 | Abyss:1  | Killed a tentacled starspawn
 19393 | Abyss:1  | Noticed an Executioner
 19399 | Abyss:1  | Killed an Executioner
 19420 | Abyss:1  | Noticed a daeva
 19443 | Abyss:1  | Noticed a lich
 19462 | Abyss:1  | Killed a lich
 19471 | Orc:2    | Escaped the Abyss
 19586 | Orc:2    | Received a gift from Okawaru
 20293 | Orc:2    | Found Nar Zera's General Store.
 20294 | Orc:2    | Found Yfihus's Book Shoppe.
 20296 | Orc:2    | Found Atetrub's Antique Armour Emporium.
 20296 | Orc:2    | Found Ybarud's Antique Weapon Emporium.
 20311 | Orc:2    | Bought the +2 hood of the Assassin {Detection Stab+
                  | Stlth++} for 780 gold pieces
 20311 | Orc:2    | Found the +2 hood of the Assassin {Detection Stab+ Stlth++}
 20331 | Orc:2    | Bought a glowing scarf for 232 gold pieces
 20331 | Orc:2    | Bought a glowing barding for 754 gold pieces
 20460 | Orc:2    | Found a staircase to the Elven Halls.
 20544 | Orc:2    | Identified the +1 barding of Fortitude {rPois} (Okawaru
                  | gifted it to you on level 2 of the Orcish Mines)
 20544 | Orc:2    | Received a gift from Okawaru
 20978 | D:12     | Reached XP level 16. HP: 148/148 MP: 16/25
 21199 | D:12     | Noticed Kirke
 21208 | D:12     | Killed Kirke
 21860 | D:13     | Reached skill level 10 in Throwing
 22217 | D:13     | Noticed Jorgrun
 22232 | D:13     | Killed Jorgrun
 22368 | D:13     | Noticed a storm dragon
 22369 | D:13     | Received a gift from Okawaru
 22379 | D:13     | Killed a storm dragon
 22447 | D:13     | Noticed a tengu reaver
 22452 | D:13     | Killed a tengu reaver
 22472 | D:13     | Identified the +6 storm dragon scales of Parlour Games
                  | {rElec Str+5}
 22607 | D:13     | Reached skill level 15 in Armour
 22899 | D:13     | Noticed Erolcha
 22903 | D:13     | Killed Erolcha
 23046 | D:14     | Noticed Lodul
 23058 | D:14     | Killed Lodul
 23195 | Abyss:3  | Cast into level 3 of the Abyss (a wizard)
 23254 | D:14     | Escaped the Abyss
 23267 | D:14     | Reached skill level 1 in Evocations
 23310 | D:14     | Reached skill level 15 in Maces & Flails
 23345 | D:14     | Found a gate to the Vaults.
 23378 | D:14     | Identified the +10 quarterstaff of Demand {vorpal, rPois
                  | Dex+5}
 23616 | D:14     | Noticed Louise
 23637 | Abyss:3  | Cast into level 3 of the Abyss (Louise)
 23686 | Abyss:3  | Found a hazy altar of Hepliaklqana.
 23691 | Abyss:3  | Noticed a tentacled starspawn
 23702 | Abyss:3  | Killed a tentacled starspawn
 23833 | Abyss:3  | Paralysed by a great orb of eyes for 4 turns
 23841 | Abyss:3  | Noticed a tentacled starspawn
 23849 | Abyss:3  | Killed a tentacled starspawn
 23849 | Abyss:3  | Received a gift from Okawaru
 23849 | Abyss:3  | Found the +10 Black Knight's barding {ponderous, rPois rN+}
 23913 | Abyss:3  | Noticed a tentacled starspawn
 23921 | Abyss:3  | Noticed a tentacled starspawn
 23923 | Abyss:3  | Killed a tentacled starspawn
 23938 | Abyss:3  | Killed a tentacled starspawn
 23947 | Abyss:3  | Got an abyssal rune of Zot
 23952 | Abyss:3  | Paralysed by accursed screaming for 2 turns
 24001 | D:14     | Escaped the Abyss
 24003 | D:14     | Noticed Snorg
 24012 | D:14     | Killed Louise
 24020 | D:14     | Killed Snorg
 24264 | D:14     | Reached XP level 17. HP: 156/156 MP: 17/26
 24809 | Orc:2    | Bought a steaming plate armour for 812 gold pieces
 24809 | Orc:2    | Identified the +5 plate armour "Towiec" {rPois rC+} (You
                  | bought it in a shop on level 2 of the Orcish Mines)
 24891 | D:15     | Entered Level 15 of the Dungeon
 24894 | D:15     | Found a portal to a secret trove of treasure.
 25075 | D:15     | Found an ancient bone altar of Kikubaaqudgha.
 25111 | D:15     | Found a staircase to the Depths.
 25274 | D:15     | Identified the +2 war axe of Vorribykh {speed, rF+ rC+
                  | Str+5 Dex-2} (Okawaru gifted it to you on level 15 of the
                  | Dungeon)
 25274 | D:15     | Received a gift from Okawaru
 25813 | Snake:1  | Entered Level 1 of the Snake Pit
 26265 | Snake:1  | Received a gift from Okawaru
 26823 | Snake:2  | Found a frozen archway.
 26831 | IceCv    | Entered an ice cave
 26951 | IceCv    | Identified the +0 plate armour of Heuzymarph {rCorr Str+4
                  | Int+4} (Okawaru gifted it to you in an ice cave)
 26951 | IceCv    | Received a gift from Okawaru
 27008 | IceCv    | Reached skill level 5 in Evocations
 27009 | IceCv    | HP: 4/156 [titanic slime creature (42)]
 27321 | IceCv    | Found a viscous altar of Jiyva.
 27375 | IceCv    | Identified the amulet of Irrepressible Laughter {RegenMP
                  | Dex+5}
 27378 | IceCv    | Got the Tome of Congelation
 28070 | Snake:2  | Noticed Asterion
 28076 | Arena    | Entered the Arena
 28092 | Arena    | Gained mutation: You have hidden genetic potential. [a
                  | cacodemon]
 28096 | Arena    | Killed Asterion
 28330 | Snake:2  | Received a gift from Okawaru
 28917 | Snake:2  | Reached XP level 18. HP: 164/164 MP: 18/27
 29675 | Snake:4  | Entered Level 4 of the Snake Pit
 29687 | Snake:4  | Noticed Nikola
 29708 | Snake:4  | Killed Nikola
 29932 | Snake:4  | Received a gift from Okawaru
 30217 | Snake:4  | Received a gift from Okawaru
 30618 | Snake:4  | Noticed Donald
 30634 | Snake:4  | Killed Donald
 30749 | Snake:4  | Got a serpentine rune of Zot
 30900 | Snake:4  | Identified the +9 glaive "Musacs" {speed, Int+4}
 30914 | Snake:4  | HP: 6/166 [naga ritualist/Olgreb's Toxic Radiance (3)]
 30915 | Snake:4  | Succumbed to a naga ritualist's toxic radiance

Illustrated notes

Levels and vault maps discovered:
D:1:      elethiomel_arrival_infinity_welcomes_careful_drivers,
          layout_loops_corners
D:2:      layout_basic, serial_shops, nicolae_shop_hallway_plus, uniq_jessica
D:3:      minmay_chambers_of_twos, layout_basic, nicolae_overflow_crystal_walls,
          serial_shops, nicolae_shop_statue_plus, grunt_decor_cap,
          minmay_misc_feat_room
D:4:      layout_basic, nicolae_gozag_seed_capital, grunt_ministairs_14,
          minmay_unequal
D:5:      layout_cave_pools, nicolae_uskayaw_suspiria, hangedman_decor_opposing,
          kennysheep_generic_room_2
D:6:      layout_loops_corners, mainiacjoe_overflow_concentric_impassable,
          mainiacjoe_overflow_paths, minmay_temple_entry_proselytizer
D:7:      layout_loops_corners, nemelex_spade_bored_becter, enter_bailey_6,
          hangedman_decor_push
D:8:      layout_rooms, minmay_crossroads
D:9:      layout_roguey [special_room_orc]
D:10:     layout_irregular_city
D:11:     layout_gridville, minmay_lair_entry_grove, orc_0_dummy
D:12:     layout_basic, minmay_circle_x, uniq_kirke
D:13:     minmay_chopped_fan, layout_basic, hangedman_cracks_in_the_wall,
          uniq_erolcha, uniq_jorgrun
D:14:     layout_basic, grunt_vaults_entry_tiered, nicolae_titane, uniq_snorg,
          uniq_lodul, uniq_louise
D:15:     hangedman_depths_entry_try_elsewhere_first, layout_basic,
          enter_trove_0, serial_demonic, serial_demonic_c, serial_demonic_a,
          serial_demonic_f, serial_demonic_b, kiku_gazebo_garden_becter
Lair:1:   layout_cave_shapes
Lair:2:   layout_gridlike, elwin_shoals_entry_rooms, lemuel_fruit_tree,
          infiniplex_staircase_pool
Lair:3:   layout_chaotic_city, minmay_snake_entry_guardpost_small, st_stairs_4,
          nicolae_lair_lil_pond
Lair:4:   layout_small_grid, ebering_ghost_disaster_area, ice2_lemuel,
          uniq_rupert, uniq_urug
Lair:5:   evilmike_catoblepas_cave, layout_regular_city,
          minmay_slime_entry_oklob_enclosed, kennysheep_snail_temple,
          lemuel_fruit_fields
Snake:1:  layout_misc_corridors, st_stairs_5, nicolae_snake_gridmaze_tees,
          hangedman_snake_corridor_split
Snake:2:  layout_onion_interference, portal_ice_cave_entry_horrid_things,
          serial_bayou_pond_d, grunt_megastairs_5, uniq_asterion
Snake:3:  layout_misc_corridors
Snake:4:  minmay_snake_end_coiled, layout_rooms, nicolae_snake_naga_rites,
          uniq_vashnia, uniq_donald, uniq_nikola
Orc:1:    layout_caves
Orc:2:    st_orc_congregation, layout_caves, basic_altar

Skill      XL: |  1  2  3  4  5  6  7  8  9 10 11 12 13 14 15 16 17 18 |
---------------+-------------------------------------------------------+-----
Armour         | 1 2 3 4 8 9 10 11 14 16 17 | 17.5
Fighting       | 3 4 5 6 9 11 12 | 12.9
Dodging        | 2 3 5 6 7 8 9 |  9.0
Invocations    | 1 2 9 10 11 12 | 12.0
Maces & Flails | 2 3 11 12 14 15 16 17 | 17.2
Throwing       | 3 7 9 11 13 | 13.5
Evocations     | 3 6 7 |  7.1
Stealth        | |  5.4

Action                   |  1- 3 |  4- 6 |  7- 9 | 10-12 | 13-15 | 16-18 || total
-------------------------+-------+-------+-------+-------+-------+-------++-------
Melee: Mace              |    24 |       |       |       |       |       ||    24
       Punch             |     1 |     2 |     2 |     3 |     8 |       ||    16
       Dagger            |    16 |   123 |       |       |       |       ||   139
       Tailslap          |     3 |    21 |    13 |    28 |   290 |   221 ||   576
       Whip              |       |    30 |    94 |   245 |   796 |       ||  1165
       Great mace        |       |       |       |       |   684 |  1258 ||  1942
       Dire flail        |       |       |       |       |    75 |       ||    75
Throw: Dart              |       |       |       |     8 |       |       ||     8
       Boomerang         |       |       |       |     4 |    26 |   239 ||   269
Invok: Heroism           |       |       |       |       |     1 |     3 ||     4
       Finesse           |       |       |       |       |       |     2 ||     2
       Duel              |       |       |       |       |       |     1 ||     1
Evoke: Wand              |       |       |       |     4 |     4 |     3 ||    11
       Condenser vane    |       |       |       |       |     2 |     3 ||     5
       Lightning rod     |       |       |       |       |       |     4 ||     4
  Use: Potion            |     1 |       |     1 |     5 |    13 |    13 ||    33
       Scroll            |       |    11 |     2 |     6 |    20 |    11 ||    50
 Stab: Sleeping          |     3 |    11 |     4 |       |       |    12 ||    30
       Distracted        |       |     2 |       |       |     1 |     5 ||     8
       Petrified         |       |       |       |       |     7 |       ||     7
       Confused          |       |       |       |       |       |     1 ||     1
Armor: Leather armour    |    13 |     2 |       |       |       |       ||    15
       Robe              |       |    37 |    33 |     4 |       |       ||    74
       Plate armour      |       |       |       |    56 |   212 |       ||   268
       Scale mail        |       |       |       |       |   806 |   157 ||   963
       Storm dragon scal |       |       |       |       |       |  1063 ||  1063
Dodge: Dodged            |    12 |    50 |    45 |    43 |   526 |   569 ||  1245
Block: Other             |     3 |    29 |    22 |    34 |    90 |       ||   178
       Reflection        |       |     1 |       |     4 |     1 |       ||     6

Table legend: (Time is in decaauts)
 A = Elapsed time spent in this place.
 B = Non-inter-level travel time spent in this place.
 C = Inter-level travel time spent in this place.
 D = Time resting spent in this place.
 E = Time spent auto-exploring this place.
 F = Levels seen in this place.
 G = Mean time per level.
                   A        B        C        D        E       F      G
               +--------+--------+--------+--------+--------+-----+--------+
         Total |  30725 |  29496 |   1229 |   2951 |  20395 |  32 |  960.2 |
       Dungeon |  14800 |  14150 |    650 |    821 |  10783 |  15 |  986.7 |
          Lair |   7266 |   6964 |    302 |    892 |   4944 |   5 | 1453.2 |
     Snake Pit |   4385 |   4283 |    102 |    450 |   2805 |   4 | 1096.2 |
  Orcish Mines |   2034 |   1860 |    174 |    425 |    904 |   2 | 1017.0 |
         Abyss |    792 |    792 |      0 |     29 |    361 |   3 |  264.0 |
        Bailey |    582 |    582 |      0 |    186 |    218 |   1 |  582.0 |
      Ice Cave |    850 |    850 |      0 |    146 |    378 |   1 |  850.0 |
         Arena |     11 |     11 |      0 |      0 |      0 |   1 |   11.0 |
               +--------+--------+--------+--------+--------+-----+--------+

Top non-repeatable levels by time:
  Lair:4: 1929 daAuts
  Lair:5: 1723 daAuts
 Snake:2: 1371 daAuts
    D:14: 1327 daAuts
    D:13: 1312 daAuts
    D:11: 1287 daAuts
  Lair:3: 1286 daAuts
     D:3: 1248 daAuts
 Snake:4: 1232 daAuts
  Lair:1: 1165 daAuts
  Lair:2: 1161 daAuts
    D:10: 1065 daAuts
   Orc:2: 1047 daAuts
 Snake:1: 1027 daAuts
   Orc:1: 987 daAuts
